 Dungeon Crawl Stone Soup version 0.29.1-12-g30fa7ad0bf (webtiles) character file.

Game seed: 13421599703502295633

102155 GeoRichter the Jinx (level 15, 0/117 HPs)
             Began as a Demonspawn Monk on Dec 21, 2022.
             Was an Elder of Ashenzari.
             Slain by an ogre mage
             ... wielding a +0 halberd
              (11 damage)
             ... while paralysed by an ogre mage
             ... on level 15 of the Dungeon.
             The game lasted 01:10:18 (27627 turns).

GeoRichter the Jinx (Demonspawn Monk)              Turns: 27627, Time: 01:10:18

Health: 0/117      AC: 21    Str: 17    XL:     15   Next: 85%
Magic:  18/26      EV:  2    Int: 19    God:    Ashenzari [****..]
Gold:   1586       SH:  0    Dex: 21    Spells: 17/29 levels left

rFire   + + .      SeeInvis +   x - +12 short sword "Yoke of Ashenzari" {venom, Fragile rF++ Int+2, Bglg, Comp} (curse)
rCold   . . .      Faith    .   d - +0 buckler "Elitism of Ashenzari" {Bglg, Fort} (curse)
rNeg    + . .      Spirit   .   K - +0 acid dragon scales
rPois   +          Reflect  .   (helmet unavailable)
rElec   .          Harm     .   y - +0 cloak "I Foresaw This" {Cun, Evo} (curse)
rCorr   +          Rampage  .   Q - +2 pair of gloves of Ashenzari's Submission {Str+3, Bglg, Comp} (curse)
Will    +....      Clarity  +   o - +2 pair of boots of the Sublime Submission {Melee, Fort} (curse)
Stlth   +++++.....              (no amulet)
HPRegen 0.29/turn               k - ring "Per Aspera Ad Scientiam" {Dex+6, Evo, Fort} (curse)
MPRegen 0.20/turn               q - ring of positive energy

@: paralysed
A: horns 3, slimy green scales 3, demonic guardian 1, spiny 3
a: Renounce Religion, Shatter the Chains


You were on level 15 of the Dungeon.
You worshipped Ashenzari.
Ashenzari was greatly pleased with you.
You visited 3 branches of the dungeon, and saw 22 of its levels.
You also visited: Ossuary.

You collected 2711 gold pieces.
You spent 1125 gold pieces at shops.

Inventory:

Hand Weapons
 x - the cursed +12 short sword "Yoke of Ashenzari" (weapon) {venom, Fragile rF++ Int+2, Bglg, Comp}
   (You took it off a goblin on level 4 of the Dungeon)

   It poisons the flesh of those it strikes.
   Int:       It affects your intelligence (+2).
   rF:        It greatly protects you from fire.
   Fragile:   It will be destroyed if unequipped.
   It has a curse which improves the following skills: Beguiling: Conjurations,
   Hexes and Translocations.
   Companions: Summonings and Necromancy.
 G - the +9 scimitar "Eviscerator" {vorpal, Will+}
   (You found it on level 1 of the Orcish Mines)

   It inflicts extra damage upon your enemies.
   Will:      It increases your willpower.
Missiles
 f - 4 javelins (quivered)
 C - 2 curare-tipped darts {!f}
 E - 6 throwing nets {!f}
Armour
 d - the cursed +0 buckler "Elitism of Ashenzari" (worn) {Bglg, Fort}
   (You found it on level 8 of the Dungeon)

   It has a curse which improves the following skills: Beguiling: Conjurations,
   Hexes and Translocations.
   Fortitude: Armour and Shields.
 o - the cursed +2 pair of boots of the Sublime Submission (worn) {Melee, Fort}
   (You found it on level 2 of the Dungeon)

   It has a curse which improves the following skills: Melee Combat: Short
   Blades, Long Blades, Axes, Maces & Flails, Polearms, Staves and Unarmed
   Combat.
   Fortitude: Armour and Shields.
 y - the cursed +0 cloak "I Foresaw This" (worn) {Cun, Evo}
   (You found it on level 4 of the Lair of Beasts)

   It has a curse which improves the following skills: Cunning: Dodging and
   Stealth.
   Evocations: Evocations.
 K - +0 acid dragon scales (worn)
   (You found it on level 11 of the Dungeon)
 L - the +0 leather armour "Botete" {rN+++ MP-9 Str+2 Stlth+}
   (You found it on level 2 of the Lair of Beasts)

   Str:       It affects your strength (+2).
   rN:        It renders you almost immune to negative energy.
   MP:        It affects your magic capacity (-9).
   Stlth:     It makes you more stealthy.
 P - the +3 robe of Clouds {*Thunder rCloud rElec}
   (You bought it in a shop on level 2 of the Orcish Mines)

   It occasionally creates storm clouds above nearby enemies.
   It grants its wearer immunity to clouds.
   rElec:     It insulates you from electricity.
 Q - the cursed +2 pair of gloves of Ashenzari's Submission (worn) {Str+3, Bglg, Comp}
   (You bought it in a shop on level 2 of the Orcish Mines)

   It has a curse which improves the following skills: Beguiling: Conjurations,
   Hexes and Translocations.
   Companions: Summonings and Necromancy.
Jewellery
 k - the cursed ring "Per Aspera Ad Scientiam" (left hand) {Dex+6, Evo, Fort}
   (You found it on level 1 of the Dungeon)

   [ring of dexterity]

   Dex:       It affects your dexterity (+6).
   It has a curse which improves the following skills: Evocations: Evocations.
   Fortitude: Armour and Shields.
 q - a ring of positive energy (right hand)
   (You found it on level 8 of the Dungeon)
 s - the ring "Gongumus" {Fire Int+3 Dex+5}
   (You found it on level 13 of the Dungeon)

   [ring of fire]

   It enhances your fire magic.
   Int:       It affects your intelligence (+3).
   Dex:       It affects your dexterity (+5).
   rF:        It protects you from fire.
   rC:        It makes you vulnerable to cold.
 N - a ring of wizardry
   (You found it on level 12 of the Dungeon)
 S - an amulet of the acrobat
   (You found it on level 14 of the Dungeon)
Wands
 p - a wand of mindburst (10)
   (You found it on level 3 of the Lair of Beasts)
 v - a wand of flame (28)
   (You took it off Natasha on level 3 of the Dungeon)
 O - a wand of iceblast (4)
   (You took it off Nessos on level 13 of the Dungeon)
 R - a wand of acid (2)
   (You found it on level 14 of the Dungeon)
Scrolls
 a - 3 scrolls of fear
 e - 5 scrolls of enchant weapon
 h - 10 scrolls of teleportation {@r4}
 r - 7 scrolls of magic mapping
 w - 2 scrolls of brand weapon
 z - a scroll of torment {!r}
 A - a scroll of poison
 B - 2 scrolls of enchant armour
 D - a scroll of silence
 F - 4 scrolls of butterflies
 M - a scroll of summoning
Potions
 b - 3 potions of cancellation
 c - a potion of ambrosia
 g - 4 potions of mutation {!q}
 i - 4 potions of curing {@q1}
 j - 2 potions of attraction {!q}
 l - 5 potions of brilliance
 m - 3 potions of haste {@q3}
 n - 7 potions of might
 u - 3 potions of lignification {!q}
 H - 3 potions of invisibility
 I - 2 potions of flight
 J - 2 potions of magic
Miscellaneous
 t - a box of beasts
   (You found it on level 9 of the Dungeon)


   Skills:
 + Level 10.8 Fighting
 - Level 10.4(12.3) Short Blades
 - Level 5.9(7.9) Maces & Flails
 - Level 7.0(10.9) Armour
 + Level 9.5(11.4) Dodging
 + Level 10.1(12.1) Stealth
 - Level 3.3(6.6) Shields
 + Level 7.5 Spellcasting
 - Level 10.9(14.7) Hexes
 * Level 6.3(9.3) Summonings
 * Level 8.7 Air Magic
 - Level 4.2(6.9) Evocations


You had 17 spell levels left.
You knew the following spells:

 Your Spells              Type           Power      Damage    Failure   Level
a - Confusing Touch       Hex            59%        N/A       1%          3
b - Silence               Hex/Air        25%        N/A       3%          5
c - Summon Lightning Spi  Summ/Air       41%        N/A       3%          4

Your spell library contained the following spells:

 Spells                   Type           Power      Damage    Failure   Level
 Slow                     Hex            100%       N/A       1%          1
 Summon Small Mammal      Summ           100%       N/A       1%          1
 Call Imp                 Summ           42%        N/A       1%          2
 Ensorcelled Hibernation  Hex/Ice        70%        N/A       1%          2
 Dazzling Flash           Conj/Hex       72%        N/A       1%          3
 Swiftness                Air            40%        N/A       1%          3
 Shock                    Conj/Air       96%        1d9       2%          1
 Static Discharge         Conj/Air       24%        3-6/arc   3%          2
 Airstrike                Air            20%        2d(3-19)  4%          4
 Necrotise                Necr           32%        1d5       13%         1
 Mephitic Cloud           Conj/Pois/Air  18%        N/A       13%         3
 Foxfire                  Conj/Fire      32%        2x1d5     14%         1
 Blink                    Tloc           18%        N/A       19%         2
 Searing Ray              Conj           18%        2d5       19%         2
 Passwall                 Tmut/Erth      5%         N/A       24%         2
 Scorch                   Fire           14%        2d5       24%         2
 Gell's Gravitas          Tloc           9%         N/A       36%         3
 Lesser Beckoning         Tloc           9%         N/A       36%         3
 Teleport Other           Tloc           9%         N/A       36%         3
 Vampiric Draining        Necr           8%         2d6       36%         3
 Summon Cactus Giant      Summ           21%        N/A       45%         6
 Animate Dead             Necr           8%         N/A       78%         4
 Dispel Undead            Necr           8%         3d8       78%         4
 Flame Wave               Conj/Fire      8%         2d5       80%         4
 Sticky Flame             Conj/Fire      8%         2d3       80%         4
 Agony                    Necr           8%         N/A       98%         5
 Iskenderun's Battlesphe  Conj           9%         2d6       98%         5
 Manifold Assault         Tloc           9%         N/A       98%         5
 Alistair's Intoxication  Tmut/Pois      4%         N/A       99%         5
 Blade Hands              Tmut           3%         N/A       99%         5
 Iron Shot                Conj/Erth      4%         9d2       100%        6
 Simulacrum               Ice/Necr       3%         N/A       100%        6
 Malign Gateway           Summ/Tloc      12%        N/A       100%        7
 Spellforged Servitor     Conj/Summ      12%        N/A       100%        7
 Borgnjor's Revivificati  Necr           4%         N/A       100%        8
 Necromutation            Tmut/Necr      3%         N/A       100%        8
 Death's Door             Necr           4%         N/A       100%        9
 Fire Storm               Conj/Fire      4%         8d1       100%        9


Dungeon Overview and Level Annotations

Branches:
Dungeon (15/15) Zot: 26934  Temple (0/1) D:7            Lair (5/5) D:10 Zot: 22628
 Shoals (0/4) Lair:2        Snake (0/4) Lair:3        Slime (0/5) Lair:5
    Orc (2/2) D:12 Zot: 9332     Elf (0/3) Orc:2        Vaults (0/5) D:13
Ossuary (visited)
 Depths: D:15

Altars:
Ashenzari
Gozag
Hepliaklqana
Makhleb
Nemelex Xobeh
Qazlal
Ru
Sif Muna
Uskayaw
Yredelemnul
Jiyva

Shops:
D:14 (   Orc:1 ?   Orc:2 [[?[(

Annotations:
D:6 2 transporters
D:9 1 runed translucent door
Lair:2 exclusion: 4 oklob plants


Innate Abilities, Weirdness & Mutations

You have a pair of large horns on your head.
You are completely covered in slimy green scales. (AC +4, rPois)
A weak demonic guardian rushes to your aid.
You are completely covered in sharp spines.


Message History

The two-headed ogre closely misses you.
The two-headed ogre hits you with a +0 giant club!
* * * LOW HITPOINT WARNING * * *
An electric hum fills the air.
The two-headed ogre misses you. The two-headed ogre barely misses you.
The ogre mage closely misses you.
The ogre mage hits your lightning spire with a +0 halberd!
The two-headed ogre completely misses you.
You block the two-headed ogre's attack.
Your lightning spire shoots out a bolt of lightning at the two-headed ogre!
The bolt of electricity hits the two-headed ogre! x3
The ogre mage casts a spell at you.
The bolt of magma hits your lightning spire!
Your lightning spire partially resists.
Your lightning spire is destroyed!
Your lightning spire disappears in a puff of smoke!
The bolt of magma hits you! You partially resist.
* * * LOW HITPOINT WARNING * * *
The two-headed ogre shouts in stereo! x2
The two-headed ogre is struck by your spines.
The two-headed ogre completely misses you.
The two-headed ogre hits you with a +0 giant club.
* * * LOW HITPOINT WARNING * * *
The two-headed ogre hits you but does no damage.
The two-headed ogre hits you with a +0 giant club!
* * * LOW HITPOINT WARNING * * *
A demonic guardian appears!
You hit the two-headed ogre but do no damage.
The two-headed ogre is poisoned.
You headbutt the two-headed ogre. The ogre mage casts a spell at you.
You suddenly lose the ability to move!
The two-headed ogre hits your hellwing with a +0 giant club!! x2
Your hellwing hits the two-headed ogre but does no damage.
Your hellwing barely misses the two-headed ogre.
The two-headed ogre is struck by your spines.
You kill the two-headed ogre!
The ogre mage casts a spell at you. The bolt of magma hits you.
You partially resist.
* * * LOW HITPOINT WARNING * * *
Your hellwing hits the two-headed ogre! x2
The two-headed ogre closely misses your hellwing.
The two-headed ogre hits your hellwing with a +0 giant club!
Your hellwing dies!
Your hellwing disappears in a puff of smoke!
The ogre mage hits you but does no damage.
The ogre mage hits you from afar with a +0 spear.
* * * LOW HITPOINT WARNING * * *
The ogre mage barely misses you.
The ogre mage hits you but does no damage.
The ogre mage hits you from afar with a +0 halberd!
You die...

* , , , ,, *.........,,,
** * *#.......##** * ** *
##........## * , #
#.......... ,,*.. * , , ,
##.#........# , ,.... * ,
,............# ##.... ,*,
,,
,,.........O..###)..... *
, ,,.......@)O...........
* ,,
,........OO........... *
, ,...........O.......##*
*,, .........###O........
, ........#####........ ,
,*
,......................
,,[....................#*
,, , ,,
#...................#** ,
##.......OO..........


You could see 3 two-headed ogres, 2 ogre magi and an ogre.

Vanquished Creatures
  Rupert (Lair:4)
  An orc warlord (Orc:1)
  A vampire knight (D:13)
  Nessos (D:13)
  Snorg (D:11)
  A yaktaur captain (D:13)
  Harold (Orc:1)
  2 boulder beetles
  2 catoblepae
  A rakshasa (D:13)
  4 hydras
  2 death knights
  3 centaur warriors
  A merfolk avatar (Lair:5)
  8 two-headed ogres
  Erica (D:10)
  8 death yaks
  5 orc high priests
  A deep elf knight (D:14)
  Sonja (Lair:1)
  5 skeletal warriors
  A deep elf archer (Orc:1)
  2 sea snakes (Lair:5)
  Pikel (D:4)
  3 necromancers (D:13)
  3 spectral wolf spiders (D:13)
  A deep elf zephyrmancer (D:14)
  3 deep elf pyromancers
  3 harpies (Lair:5)
  3 orc knights
  A spectral ice dragon (D:13)
  7 orc sorcerers
  3 ugly things
  7 cyclopes
  3 manticores
  2 spectral centaurs (D:13)
  6 elephants
  2 centaur zombies (D:13)
  A nameless horror (Orc:2)
  4 black mambas
  12 cane toads
  2 gargoyles
  11 freezing wraiths
  Psyche (D:11)
  A kobold demonologist (D:12)
  2 yaktaurs (D:13)
  3 centaur skeletons (D:13)
  16 komodo dragons
  A tengu conjurer (D:14)
  A rime drake (Lair:5)
  A spectral deep troll (D:13)
  A wind drake (Lair:5)
  4 polar bears
  7 trolls
  A wolf spider simulacrum (D:13)
  2 hornets
  Grinder (D:5)
  11 slime creatures
  22 blink frogs
  A meliai zombie (D:13)
  2 centaur simulacra (D:13)
  A flying skull (D:13)
  2 vampires
  7 wraiths
  3 shadows
  9 wyverns
  A hog (shapeshifter) (D:13)
  49 yaks
  A steam dragon (D:6)
  5 basilisks
  Menkaure (D:6)
  A vampire mosquito (D:12)
  A redback simulacrum (D:15)
  4 nagas (Lair:3)
  3 wargs
  2 acid dragons
  12 water moccasins
  6 hell hounds (D:13)
  Duvessa (D:7)
  3 ice beasts
  2 black bears
  28 orc warriors
  8 ogres
  9 wolves
  6 centaurs
  A phantom (D:6)
  3 kobold brigands
  2 lemures (D:4)
  15 bullfrogs
  A necrophage (D:5)
  5 scorpions
  A deep troll simulacrum (D:13)
  Dowan (D:7)
  11 killer bees
  3 electric eels (D:10)
  A howler monkey (D:7)
  10 hounds
  A hound (shapeshifter) (D:13)
  2 gnoll boudas
  13 orc priests
  2 jellies (D:6)
  2 iguanas (D:5)
  Natasha (thrice) (D:3)
  15 orc wizards
  A boggart simulacrum (D:13)
  8 mummies (Ossuary)
  9 adders
  17 gnolls
  2 white imps
  3 worms
  5 dart slugs
  47 orcs
  11 endoplasms
  4 giant cockroaches
  3 gnoll zombies (Ossuary)
  6 hobgoblins
  5 jackals
  5 quokkas
  6 ball pythons
  3 bats
  2 frilled lizards
  8 goblins
  A hobgoblin zombie (Ossuary)
  40 kobolds
  2 kobold zombies (Ossuary)
  2 orc zombies (Ossuary)
  8 rats
665 creatures vanquished.

Vanquished Creatures (collateral kills)
  Kirke (D:12)
  An orc warlord (Orc:1)
  An orc knight (Orc:2)
  A centaur simulacrum (D:13)
  A yak (Lair:5)
  2 ogres (D:15)
  A centaur (D:13)
  2 orc priests
  An orc wizard (Orc:2)
  2 orcs (Orc:1)
13 creatures vanquished.

Vanquished Creatures (others)
  A deep elf knight (D:14)
  4 humans (D:12)
  A vampire mosquito (D:12)
  2 orc wizards (D:12)
  2 orcs
  35 fungi
  121 plants
166 creatures vanquished.

Grand Total: 844 creatures vanquished

Notes
Turn   | Place    | Note
-------+----------+-------------------------------------------
     0 | D:1      | GeoRichter the Demonspawn Monk began the quest for the Orb.
     0 | D:1      | Reached XP level 1. HP: 18/18 MP: 1/1
    76 | D:1      | Gained mutation: You are partially covered in sharp spines.
                  | [demonic ancestry]
    76 | D:1      | Reached XP level 2. HP: 22/24 MP: 2/2
   713 | D:2      | Gained mutation: You are partially covered in slimy green
                  | scales. (AC +2) [demonic ancestry]
   713 | D:2      | Reached XP level 3. HP: 29/29 MP: 3/3
   798 | D:2      | Found a broken altar of Ashenzari.
   851 | D:2      | Became a worshipper of Ashenzari the Shackled
   906 | D:2      | Reached * piety under Ashenzari
  1016 | D:2      | Reached XP level 4. HP: 30/35 MP: 4/4
  1508 | D:3      | Noticed Natasha
  1678 | D:3      | Killed Natasha
  1737 | D:3      | Reached ** piety under Ashenzari
  1798 | D:3      | Gained mutation: You have a pair of small horns on your
                  | head. [demonic ancestry]
  1798 | D:3      | Reached XP level 5. HP: 30/41 MP: 5/5
  1966 | D:3      | Noticed Natasha
  1975 | D:3      | Killed Natasha
  1976 | D:3      | Reached skill level 5 in Maces & Flails
  2181 | D:3      | Found a shimmering blue altar of Sif Muna.
  2181 | D:3      | Found an opulent altar of Gozag.
  2194 | D:3      | Noticed Natasha
  2199 | D:3      | Killed Natasha
  2238 | D:4      | Noticed Pikel
  2238 | D:4      | Noticed a lemure
  2239 | D:4      | Noticed a lemure
  2347 | D:4      | Gained mutation: You are mostly covered in sharp spines.
                  | [demonic ancestry]
  2347 | D:4      | Reached XP level 6. HP: 42/47 MP: 6/6
  2724 | D:4      | Identified the +12 short sword "Meenteaw" {venom, Fragile
                  | rF++ Int+2}
  2733 | D:4      | Reached skill level 1 in Armour
  3067 | D:4      | Reached skill level 1 in Short Blades
  3067 | D:4      | Reached XP level 7. HP: 55/55 MP: 7/7
  3085 | D:4      | Identified the +3 robe of Analysis {Str+7 Dex-5}
  3290 | D:4      | Killed Pikel
  3291 | D:4      | Reached skill level 5 in Stealth
  3291 | D:4      | Reached XP level 8. HP: 49/64 MP: 8/8
  3427 | D:4      | Found a sacrificial altar of Ru.
  3443 | D:5      | Entered Level 5 of the Dungeon
  3535 | D:5      | Noticed Grinder
  3542 | D:5      | Paralysed by Grinder for 5 turns
  3546 | D:5      | Killed Grinder
  3712 | D:5      | Identified the Quarto of Shocking Permutations
  4215 | D:6      | Found a transporter.
  4216 | D:6      | Reached *** piety under Ashenzari
  4237 | D:6      | Reached skill level 5 in Fighting
  4239 | D:6      | Reached skill level 5 in Short Blades
  4435 | D:6      | Found a transporter.
  4435 | D:6      | Found a hide-covered altar of Uskayaw.
  4447 | D:6      | Found a burning altar of Makhleb.
  4461 | D:6      | Gained mutation: You are mostly covered in slimy green
                  | scales. (AC +3) [demonic ancestry]
  4461 | D:6      | Reached XP level 9. HP: 71/71 MP: 9/9
  4499 | D:6      | Noticed Menkaure
  4508 | D:6      | Killed Menkaure
  5139 | D:7      | Noticed Duvessa
  5147 | D:7      | Noticed Dowan
  5171 | D:7      | Killed Duvessa
  5179 | D:7      | Killed Dowan
  5404 | D:7      | Found a hazy altar of Hepliaklqana.
  5438 | D:7      | Found a sparkling altar of Nemelex Xobeh.
  5573 | D:7      | Identified the Verses on the Torrid Swarm
  5880 | D:7      | Found a staircase to the Ecumenical Temple.
  6117 | D:8      | Gained mutation: You are completely covered in slimy green
                  | scales. (AC +4, rPois) [demonic ancestry]
  6117 | D:8      | Reached XP level 10. HP: 50/80 MP: 10/10
  6261 | D:8      | Noticed a gargoyle
  6275 | D:8      | Killed a gargoyle
  6276 | D:8      | Reached skill level 5 in Dodging
  6306 | D:8      | Found a sand-covered staircase.
  6445 | Ossuary  | Entered an ossuary
  7136 | D:8      | Noticed a two-headed ogre
  7144 | D:8      | Killed a two-headed ogre
  7320 | D:8      | Found a stormy altar of Qazlal.
  7691 | D:9      | Reached skill level 5 in Armour
  8642 | D:9      | Gained mutation: You have a pair of horns on your head.
                  | [demonic ancestry]
  8642 | D:9      | Reached XP level 11. HP: 77/89 MP: 11/11
  8818 | D:9      | Noticed a catoblepas
  8818 | D:9      | Noticed a wolf spider
  8818 | D:9      | Found the +4 dagger "Morg" {pain, Will+ Int+5}
  8818 | D:9      | Identified the ring of Broken Luck {+Blink Will- Str+8
                  | Int+6 SInv}
  8819 | D:9      | Found a runed translucent door.
  8821 | D:9      | Noticed a centaur warrior
  8821 | D:9      | Noticed a wolf spider
  8821 | D:9      | Noticed a deep elf knight
  8821 | D:9      | Noticed a tengu warrior
  8821 | D:9      | Identified the ring "Ownehe" {Fly Str+6}
  9215 | D:10     | Entered Level 10 of the Dungeon
  9278 | D:10     | Noticed Erica
  9288 | D:10     | Killed Erica
  9480 | D:10     | Found a staircase to the Lair.
  9876 | D:10     | Identified the +5 quarterstaff of Siack {flame, Will+}
 10399 | D:11     | Noticed a two-headed ogre
 10400 | D:11     | Killed a two-headed ogre
 10548 | D:11     | Noticed a boulder beetle
 10572 | D:11     | Killed a boulder beetle
 10894 | D:11     | Noticed Snorg
 10920 | D:11     | Killed Snorg
 11457 | D:11     | Noticed Psyche
 11464 | D:11     | Killed Psyche
 11676 | Lair:1   | Entered Level 1 of the Lair of Beasts
 11810 | Lair:1   | Gained mutation: A weak demonic guardian rushes to your
                  | aid. [demonic ancestry]
 11810 | Lair:1   | Reached XP level 12. HP: 84/97 MP: 12/12
 12175 | Lair:1   | Noticed Sonja
 12187 | Lair:1   | Killed Sonja
 12188 | Lair:1   | Reached skill level 10 in Stealth
 12192 | Lair:1   | Reached skill level 1 in Evocations
 13087 | Lair:2   | Identified the +0 leather armour "Botete" {rN+++ MP-9 Str+2
                  | Stlth+}
 13087 | Lair:2   | Found a staircase to the Shoals.
 13223 | Lair:2   | Noticed a seven-headed hydra
 13580 | Lair:2   | Reached skill level 1 in Shields
 13609 | Lair:2   | Noticed a death yak
 13610 | Lair:2   | Noticed a death yak
 13610 | Lair:2   | Noticed a death yak
 13905 | Lair:2   | Noticed a five-headed hydra
 13910 | Lair:2   | Killed a five-headed hydra
 13949 | Lair:2   | Killed a seven-headed hydra
 13950 | Lair:2   | Reached skill level 10 in Fighting
 14092 | Lair:2   | Learned a level 3 spell: Confusing Touch
 14550 | Lair:2   | Killed a death yak
 14551 | Lair:2   | Gained mutation: You are completely covered in sharp
                  | spines. [demonic ancestry]
 14551 | Lair:2   | Reached XP level 13. HP: 78/106 MP: 14/14
 14556 | Lair:2   | Reached skill level 1 in Spellcasting
 14556 | Lair:2   | Reached skill level 1 in Hexes
 14775 | Lair:3   | Found a staircase to the Snake Pit.
 15878 | Lair:4   | Reached skill level 10 in Short Blades
 15966 | Lair:4   | Identified Mel Fyxt's Omnibus of Sinister Vapour
 15973 | Lair:4   | Noticed Rupert
 16633 | Lair:4   | Paralysed by Rupert for 2 turns
 16642 | Lair:4   | Killed Rupert
 16836 | Lair:5   | Entered Level 5 of the Lair of Beasts
 16836 | Lair:5   | Identified the +7 sling of Ragnarok {flame, rElec rPois
                  | Str+4}
 17385 | Lair:5   | Found a staircase to the Slime Pits.
 17391 | Lair:5   | Found a viscous altar of Jiyva.
 17401 | Lair:5   | Reached skill level 5 in Hexes
 17439 | Lair:5   | Learned a level 5 spell: Silence
 17658 | Lair:5   | Reached skill level 1 in Air Magic
 17779 | Lair:5   | Gained mutation: You have a pair of large horns on your
                  | head. [demonic ancestry]
 17779 | Lair:5   | Reached XP level 14. HP: 102/115 MP: 23/23
 17797 | Lair:5   | Reached **** piety under Ashenzari
 17926 | Lair:5   | Learned a level 4 spell: Summon Lightning Spire
 18201 | Lair:5   | Reached skill level 1 in Summonings
 18252 | Lair:5   | Identified the cursed +0 cloak "I Foresaw This" {Cun, Evo}
                  | (You found it on level 4 of the Lair of Beasts)
 18252 | Lair:5   | Identified the cursed +2 pair of boots of the Sublime
                  | Submission {Melee, Fort} (You found it on level 2 of the
                  | Dungeon)
 18298 | Lair:5   | Reached skill level 5 in Spellcasting
 19304 | D:12     | Noticed Kirke
 19323 | D:11     | Identified the cursed +0 buckler "Elitism of Ashenzari"
                  | {Bglg, Fort} (You found it on level 8 of the Dungeon)
 19323 | D:11     | Identified the cursed ring "Per Aspera Ad Scientiam"
                  | {Dex+6, Evo, Fort} (You found it on level 1 of the Dungeon)
 19323 | D:11     | Identified the cursed ring of the Eye in the Sky {rCorr,
                  | Self, Evo} (You found it on level 3 of the Dungeon)
 19471 | D:12     | Noticed a sphinx
 19472 | D:12     | Killed Kirke
 19734 | D:12     | Found a staircase to the Orcish Mines.
 20559 | Orc:1    | Entered Level 1 of the Orcish Mines
 20583 | Orc:1    | Found Yxeped's Magic Scroll Shoppe.
 20598 | Orc:1    | Bought a scroll of enchant armour for 90 gold pieces
 20598 | Orc:1    | Bought a scroll of butterflies for 48 gold pieces
 20598 | Orc:1    | Bought a scroll of butterflies for 48 gold pieces
 20621 | Orc:1    | Noticed Harold
 20644 | Orc:1    | Killed Harold
 20651 | Orc:1    | Reached skill level 5 in Air Magic
 21013 | Orc:2    | Entered Level 2 of the Orcish Mines
 21100 | Orc:2    | Found a staircase to the Elven Halls.
 21182 | Orc:2    | Found Bogihauk's Antique Armour Boutique.
 21312 | Orc:1    | Identified the +9 scimitar "Eviscerator" {vorpal, Will+}
 21314 | Orc:1    | Identified the +6 rapier "Cihumuf" {drain, Int-5 Dex+6
                  | Stlth+}
 21321 | Orc:1    | Noticed an orc warlord
 21512 | Orc:1    | Noticed an orc warlord
 21539 | Orc:1    | Killed an orc warlord
 21542 | Orc:1    | HP: 5/111 [orc priest/divine providence[an orc warlord]
                  | (10)]
 22009 | Orc:1    | Killed an orc warlord
 22177 | Orc:2    | Found Qamyzxur's Armour Emporium.
 22900 | Orc:2    | Paralysed by an orc sorcerer for 2 turns
 23122 | Orc:2    | Found Nuetuwk Soebb's Magic Scroll Emporium.
 23123 | Orc:2    | Found Foukiy Bumoy's Antique Weapon Boutique.
 23133 | Orc:2    | Found Zuthruo's Armour Boutique.
 23151 | Orc:2    | Bought a scroll of blinking for 112 gold pieces
 23151 | Orc:2    | Bought a scroll of fear for 60 gold pieces
 23163 | Orc:2    | Bought the +3 robe of Clouds {*Thunder rCloud rElec} for
                  | 445 gold pieces
 23163 | Orc:2    | Found the +3 robe of Clouds {*Thunder rCloud rElec}
 23163 | Orc:2    | Bought a +2 pair of gloves of strength for 322 gold pieces
 23587 | D:13     | Reached XP level 15. HP: 92/117 MP: 24/24
 23842 | D:13     | Noticed Nessos
 24420 | D:13     | Reached skill level 10 in Hexes
 25107 | D:13     | Reached skill level 5 in Summonings
 25530 | D:13     | Found a basalt altar of Yredelemnul.
 25530 | D:13     | Identified the Parchment of Arcane Weapons
 25530 | D:13     | Identified the ring "Gongumus" {Fire Int+3 Dex+5}
 25768 | D:13     | Killed Nessos
 25856 | D:13     | Found a gate to the Vaults.
 26800 | D:14     | Found Ushazxi's Weapon Boutique.
 27554 | D:15     | Entered Level 15 of the Dungeon
 27623 | D:15     | Paralysed by an ogre mage for 5 turns
 27627 | D:15     | Slain by an ogre mage

Illustrated notes

Levels and vault maps discovered:
D:1:      spicycebolla_arrival_ecumenical, layout_rooms, hangedman_decor_points
D:2:      layout_rooms, basic_altar
D:3:      layout_rooms, gammafunk_temple_overflow_elements, uniq_natasha
D:4:      kennysheep_kobold_camp, layout_loops_ring,
          lemuel_coloured_pillars_altar, uniq_pikel
D:5:      layout_rooms, serial_park_tiny_pond, uniq_grinder
D:6:      gammafunk_steamed_eel, layout_cave_pods,
          mainiacjoe_overflow_catwalk_spiral, hangedman_decor_lopped,
          uniq_menkaure
D:7:      layout_loops_ring, mainiacjoe_overflow_big_doors,
          lemuel_temple_firewalk_a, minivault_11, uniq_duvessa
D:8:      layout_gridville, mainiacjoe_overflow_six_doors_small,
          nicolae_ossuary_entry_ruins, serial_glass, glass_columns_b,
          glass_columns_c, glass_columns_b, glass_columns_a
D:9:      minmay_gate_of_8, layout_stronghold
D:10:     layout_loops_ring, amcnicky_altar_gilded, erik_lair_island, uniq_erica
D:11:     layout_cross, minmay_misc_feat_cross, kennysheep_big_empty_room,
          uniq_psyche, uniq_snorg
D:12:     layout_roguey, david_orc_1_choice, uniq_kirke
D:13:     lemuel_vampire_tower, layout_long_grid, david_vaults_2, uniq_nessos
D:14:     layout_roguey, serial_shops, shop_statue, minmay_staircase_bubble
D:15:     grunt_enter_depths_magical_seal, layout_cave_pools,
          nicolae_hepliaklqana_hazy_memory
Lair:1:   layout_misc_corridors, grunt_megastairs_4, uniq_sonja
Lair:2:   minmay_lair_oklob_chamber, layout_concentric_octagons,
          elwin_shoals_entry_rocks, serial_bayou_shore_b
Lair:3:   layout_gridlike, guppyfry_snake_entry_island, beast_lair_carwin_11
Lair:4:   layout_hall_layers, uniq_rupert
Lair:5:   gammafunk_lair_ancient_temple, layout_gridlike, slime_entry_1
Orc:1:    layout_diamond_mine, serial_shops, shop, elf_legates, uniq_harold
Orc:2:    st_orc_elflike, layout_caves, serial_shops, nicolae_shop_trees

Skill      XL: |  1  2  3  4  5  6  7  8  9 10 11 12 13 14 15 |
---------------+----------------------------------------------+-----
Stealth        | 2 3 4 5 6 7 8 9 10 | 10.1
Maces & Flails | 3 4 5 |  5.9
Armour         | 1 2 3 5 6 7 |  7.0
Short Blades   | 1 3 5 6 7 8 9 10 | 10.4
Fighting       | 4 5 6 7 9 10 | 10.8
Dodging        | 3 4 6 7 8 9 |  9.5
Evocations     | 4 |  4.2
Shields        | 2 3 |  3.3
Spellcasting   | 4 6 7 |  7.5
Hexes          | 6 9 10 | 10.9
Air Magic      | 2 6 8 |  8.7
Summonings     | 4 6 |  6.3

Action                   |  1- 3 |  4- 6 |  7- 9 | 10-12 | 13-15 || total
-------------------------+-------+-------+-------+-------+-------++-------
Melee: Mace              |    94 |    49 |       |       |       ||   143
       Punch             |     2 |     1 |     1 |     5 |       ||     9
       Flail             |       |    48 |       |       |       ||    48
       Headbutt          |       |    18 |    29 |   129 |   352 ||   528
       Short sword       |       |    25 |   146 |   505 |  1237 ||  1913
       Unarmed           |       |       |       |       |    19 ||    19
Throw: Javelin           |     2 |       |    10 |     8 |    17 ||    37
       Dart              |       |       |     1 |     3 |     3 ||     7
 Cast: Confusing Touch   |       |       |       |       |     6 ||     6
       Summon Lightning  |       |       |       |       |    14 ||    14
       Silence           |       |       |       |       |     2 ||     2
Invok: Curse Item        |     2 |     2 |     1 |     1 |     3 ||     9
       Shatter the Chain |       |       |       |     2 |     1 ||     3
Evoke: Box of beasts     |       |       |       |     2 |     2 ||     4
       Wand              |       |       |       |    10 |    15 ||    25
  Use: Scroll            |       |       |       |     4 |     8 ||    12
       Potion            |       |       |       |     4 |    10 ||    14
 Stab: Sleeping          |     5 |     6 |     6 |    23 |    21 ||    61
       Distracted        |       |       |     2 |     2 |     6 ||    10
       Confused          |       |       |       |       |     4 ||     4
Armor: Robe              |    19 |    19 |       |       |    11 ||    49
       Ring mail         |       |    27 |    40 |    10 |       ||    77
       Steam dragon scal |       |       |       |    35 |       ||    35
       Acid dragon scale |       |       |       |    65 |   268 ||   333
       Skin              |       |       |       |       |    14 ||    14
Dodge: Dodged            |    57 |    68 |    68 |   238 |   604 ||  1035
Block: Buckler           |       |       |       |    18 |   298 ||   316
